 Dungeon Crawl Stone Soup version 0.30-a0-626-gd6a5dd7a1f (webtiles) character file.

Game seed: 8309075528176832241

246 acebull12 the Magician (level 6, -2/42 HPs)
             Began as a Djinni Necromancer on Jan 11, 2023.
             Slain by a black bear (3 damage)
             ... on level 4 of the Dungeon.
             The game lasted 00:14:59 (3586 turns).

acebull12 the Magician (Djinni Necromancer)         Turns: 3586, Time: 00:15:00

Health: -2/42      AC:  4    Str:  9    XL:     6   Next: 33%
Gold:   186        EV: 12    Int: 17    God:
                   SH:  0    Dex: 16

rFire   + + .      SeeInvis .    m - +5 dagger "Fox Ywic" {spect, rC+ Dex+3}
rCold   . . .      Faith    .    (no shield)
rNeg    . . .      Spirit   .    C - +0 leather armour
rPois   ∞          Reflect  .    q - +0 helmet
rElec   .          Harm     .    (no cloak)
rCorr   .          Rampage  .    (no gloves)
Will    .....                    (boots unavailable)
Stlth   ++                       (no amulet)
HPRegen 0.27/turn                A - ring of wizardry
MPRegen 0.00/turn                (no ring)

@: flying
A: sickness immunity, fire resistance 2, cold vulnerability 1, float, innate
caster, HP casting, extra vitality 1
a: no special abilities


You were on level 4 of the Dungeon.
You visited 1 branch of the dungeon, and saw 4 of its levels.

You collected 186 gold pieces.

Inventory:

Hand Weapons
 f - a +0 dagger
 m - the +5 dagger "Fox Ywic" (weapon) {spect, rC+ Dex+3}
   (You found it on level 2 of the Dungeon)

   Dex:       It affects your dexterity (+3).
   rC:        It protects you from cold.
Missiles
 c - 10 poisoned darts
 e - 41 stones
Armour
 a - a +0 robe
 q - a +0 helmet (worn)
 C - a +0 leather armour (worn)
Jewellery
 A - a ring of wizardry (left hand)
Scrolls
 d - 2 scrolls of immolation {unknown}
 g - 6 scrolls of identify {unknown}
 h - a scroll of noise {unknown}
 i - a scroll of fog {unknown}
 j - 2 scrolls of teleportation {unknown}
 k - 3 scrolls of torment {unknown}
 l - a scroll of poison {unknown}
 o - a scroll of enchant armour {unknown}
 s - a scroll of magic mapping {unknown}
 u - 2 scrolls of amnesia {unknown}
 y - a scroll of vulnerability {unknown}
 B - a scroll of enchant weapon {unknown}
Potions
 b - a potion of magic
 n - 2 potions of invisibility {unknown}
 p - 2 potions of attraction {unknown}
 r - a potion of berserk rage {unknown}
 t - a potion of flight {unknown}
 v - 2 potions of haste {unknown}
 w - 2 potions of curing {unknown}
 x - a potion of degeneration {unknown}
 z - a potion of brilliance {unknown}
 D - a potion of ambrosia {unknown}


   Skills:
 * Level 1.5 Fighting
 + Level 0.1 Short Blades
 + Level 2.1 Dodging
 + Level 1.8 Stealth
 * Level 5.3 Spellcasting


You couldn't memorise any spells.
You knew the following spells:

 Your Spells              Type           Power      Damage    Failure   Level
a - Necrotise             Necr           88%        1d8       1%          1
b - Vampiric Draining     Necr           22%        2d7       2%          3
c - Animate Dead          Necr           22%        N/A       9%          4
d - Agony                 Necr           22%        N/A       24%         5
e - Slow                  Hex            88%        N/A       1%          1
f - Call Imp              Summ           22%        N/A       1%          2
Your spell library was empty.

Dungeon Overview and Level Annotations

Branches:
Dungeon (4/15)
 Temple: D:4-7

Altars:
Dithmenos
Fedhas
Xom


Innate Abilities, Weirdness & Mutations

You are immune to sickness and miasma.
You are immune to poison.
Your flesh is very heat resistant. (rF++)
You are vulnerable to cold. (rC-)
You float through the air rather than walking.
You learn spells naturally, not from books.
Your magical power is your life essence.
You have superior vitality. (+4 MHP)


Message History

Your quokka skeleton is destroyed!
Casting: Necrotise (safe; 1% risk of failure)
Confirm with . or Enter, or press ? or * to list all spells.
Aiming: Slow (safe; 1% risk of failure)
Press: ? - help, Shift-Dir - straight line, f/p - black bear
Aim: a black bear (moderately wounded, chance to affect: 54%)
The black bear seems to slow down.
You hit the black bear.
The black bear is moderately wounded.
You hit the black bear.
The black bear is heavily wounded.
The black bear bites you! The black bear claws you.
The black bear closely misses you.
You closely miss the black bear.
The black bear is heavily wounded.
The black bear bites you. The black bear claws you.
The black bear barely misses you.
You barely miss the black bear.
The black bear is heavily wounded.
You hit the black bear.
The black bear is severely wounded.
The black bear bites you. The black bear claws you. x2
You hit the black bear but do no damage.
The black bear is severely wounded.
You barely miss the black bear.
The black bear is severely wounded.
The black bear shakes off its lethargy.
The black bear goes berserk!
You hit the black bear.
The black bear is almost dead.
The black bear barely misses you. The black bear claws you.
* * * LOW HITPOINT WARNING * * *
The black bear completely misses you. The black bear misses you.
The black bear claws you but does no damage.
The black bear barely misses you.
The black bear attacks as you move away!
The black bear bites you!
* * * LOW HITPOINT WARNING * * *
The black bear closely misses you. The black bear claws you.
You die...

#### ....... ###### #.. ...#
.......# #....# ##.. ##.#
.........#....# #... .#.###
.....#......## #... .#...#
...###...<.## #... .###.#
#..####.#..## #.## .###.##
#J# #..##..## #.# .#....#
#h# #Z####..###.# .#)##.##
#@# #.# ##.....## ...##..#
#.# #.# #...#... .#####.#
#.###.# ###.....## .#
#.#########.##..###.).....##
##
#.........#..#)###..#.###.#.
#
#########..#...#...##.#.....
# #......###............ #
#####.....)............##. #
##........)....#...........


You could see a black bear (berserk) and an endoplasm.

Vanquished Creatures
  An orc priest (D:4)
  An orc wizard (D:4)
  Robin (D:3)
  4 gnolls (D:3)
  3 adders
  3 worms
  A dart slug (D:1)
  4 orcs (D:4)
  4 endoplasms
  3 giant cockroaches
  19 goblins
  7 hobgoblins
  6 jackals
  2 quokkas (D:4)
  4 ball pythons
  9 bats
  2 frilled lizards
  4 kobolds
  8 rats
86 creatures vanquished.

Vanquished Creatures (collateral kills)
  A dart slug (D:3)
  4 goblins
  A ball python (D:1)
  A bat (D:1)
  A frilled lizard (D:1)
  A rat (D:1)
9 creatures vanquished.

Grand Total: 95 creatures vanquished

Notes
Turn   | Place    | Note
-------+----------+-------------------------------------------
     0 | D:1      | acebull12 the Djinni Necromancer began the quest for the
                  | Orb.
     0 | D:1      | acebull12 set off with the following spells memorised:
                  | Necrotise, Vampiric Draining, Animate Dead, Agony.
     0 | D:1      | Reached XP level 1. HP: 15/15 MP: 0/0
    45 | D:1      | Reached XP level 2. HP: 17/22 MP: 0/0
   627 | D:1      | Reached XP level 3. HP: 24/26 MP: 0/0
   627 | D:1      | Learned a level 1 spell: Slow
   774 | D:2      | Found a blossoming altar of Fedhas.
   779 | D:2      | Reached skill level 1 in Fighting
   780 | D:2      | Identified the +5 dagger "Fox Ywic" {spect, rC+ Dex+3}
  1205 | D:2      | Reached skill level 4 in Spellcasting
  1242 | D:2      | Reached XP level 4. HP: 31/32 MP: 0/0
  1753 | D:3      | Found a shadowy altar of Dithmenos.
  1924 | D:3      | Reached XP level 5. HP: 20/37 MP: 0/0
  1924 | D:3      | Learned a level 2 spell: Call Imp
  2174 | D:3      | Noticed a water moccasin
  2242 | D:3      | Found a faded altar of an unknown god.
  2821 | D:3      | Noticed Robin
  2844 | D:3      | Killed Robin
  3341 | D:4      | Reached skill level 5 in Spellcasting
  3341 | D:4      | Reached XP level 6. HP: 41/42 MP: 0/0
  3371 | D:4      | Found a shimmering altar of Xom.
  3570 | D:4      | Noticed a black bear
  3586 | D:4      | HP: 1/42 [black bear (11)]
  3586 | D:4      | Slain by a black bear

Illustrated notes

Levels and vault maps discovered:
D:1:      amcnicky_arrival_single_pillar, layout_loops_cross, minivault_14
D:2:      layout_basic, basic_altar
D:3:      kennysheep_goblin_castle, layout_loops_ring,
          nicolae_dithmenos_the_darkroom, dreamdust_ecumenical_altar_statues,
          lightli_corner_chamber
D:4:      layout_rooms, lemuel_doored_altar

Skill      XL: |  1  2  3  4  5 |
---------------+----------------+-----
Fighting       | 1 |  1.5
Spellcasting   | 4 5 |  5.3
Short Blades   | |  0.1
Dodging        | |  2.1
Stealth        | |  1.8

Action                   |  1- 3 |  4- 6 || total
-------------------------+-------+-------++-------
Melee: Dagger            |     8 |    32 ||    40
Throw: Stone             |     1 |       ||     1
       Dart              |       |     6 ||     6
 Cast: Necrotise         |    43 |   107 ||   150
       Call Imp          |       |     4 ||     4
       Slow              |       |     2 ||     2
 Stab: Sleeping          |     1 |     2 ||     3
Armor: Robe              |     5 |     5 ||    10
       Leather armour    |       |     4 ||     4
Dodge: Dodged            |    10 |    36 ||    46

Table legend: (Time is in decaauts)
 A = Elapsed time spent in this place.
 B = Non-inter-level travel time spent in this place.
 C = Inter-level travel time spent in this place.
 D = Time resting spent in this place.
 E = Time spent auto-exploring this place.
 F = Levels seen in this place.
 G = Mean time per level.
                   A        B        C        D        E       F      G
               +--------+--------+--------+--------+--------+-----+--------+
         Total |   3585 |   3302 |    283 |    185 |   2415 |   4 |  896.2 |
       Dungeon |   3585 |   3302 |    283 |    185 |   2415 |   4 |  896.2 |
               +--------+--------+--------+--------+--------+-----+--------+

Top non-repeatable levels by time:
     D:3: 1386 daAuts
     D:2: 922 daAuts
     D:1: 772 daAuts
     D:4: 505 daAuts
